 Dungeon Crawl Stone Soup version 0.30-a0-930-gb9d0489357 (webtiles) character file.

Game seed: 5502335815059470383

29979 bmack86 the Cleaver (level 13, -5/116 HPs)
             Began as a Minotaur Fighter on Mar 24, 2023.
             Was a High Priest of Okawaru.
             Killed from afar by Roxanne (38 damage)
             ... with a crystal spear
             ... on level 14 of the Dungeon.
             The game lasted 00:39:56 (13424 turns).

bmack86 the Cleaver (Minotaur Fighter)             Turns: 13424, Time: 00:39:56

Health: -5/116     AC: 29    Str: 25    XL:     13   Next: 18%
Magic:  0/17       EV:  9    Int:  5    God:    Okawaru [*****.]
Gold:   1053       SH: 15    Dex: 11    Spells: 12/12 levels left

rFire   . . .      SeeInvis .    T - +7 war axe "Xaic" {freeze, rPois}
rCold   . . .      Faith    .    m - +2 kite shield
rNeg    . . .      Spirit   +    D - +5 plate armour
rPois   +          Reflect  .    O - +2 hat of the Bear Spirit {Spirit, Bear, *Rage Will++}
rElec   .          Rampage  .    I - +0 cloak
rCorr   +          Rage     20%  f - +2 pair of gloves
Will    +++..                    (no boots) Stlth
                                 (no amulet)
HPRegen 0.39/turn                U - ring of willpower
MPRegen 0.15/turn                L - ring of resist corrosion

@: heroic
A: horns 2, retaliatory headbutt
a: Renounce Religion, Heroism, Finesse, Duel


You were on level 14 of the Dungeon.
You worshipped Okawaru.
Okawaru was extremely pleased with you.
You visited 2 branches of the dungeon, and saw 15 of its levels.
You also visited: Sewer and Bailey.

You collected 1053 gold pieces.

Inventory:

Hand Weapons
 c - a +1 hand axe of flaming
 n - the +2 war axe of the Elven Halls {spect, Dex+2}
   (You acquired it on level 3 of the Dungeon)

   Dex:       It affects your dexterity (+2).
 T - the +7 war axe "Xaic" (weapon) {freeze, rPois}
   (Okawaru gifted it to you on level 13 of the Dungeon)

   rPois:     It protects you from poison.
 V - a +2 vampiric broad axe
Missiles
 h - 5 curare-tipped darts
 p - 6 throwing nets
 q - 11 boomerangs (quivered)
 t - 16 poisoned darts
 x - 8 silver javelins
 R - 2 javelins
Armour
 f - a +2 pair of gloves (worn)
 m - a +2 kite shield (worn)
 D - a +5 plate armour (worn)
 I - a +0 cloak (worn)
 O - the +2 hat of the Bear Spirit (worn) {Spirit, Bear, *Rage Will++}
   (You found it on level 11 of the Dungeon)

   Bear:      Going berserk makes the wearer tougher, and they're slowed less
   afterward.
   *Rage:     It berserks you when you make melee attacks (+20% chance).
   Will:      It greatly increases your willpower.
Jewellery
 E - a ring of positive energy
 H - a ring of positive energy
 K - an amulet of magic regeneration
 L - a ring of resist corrosion (right hand)
 S - a ring of protection from cold
 U - a ring of willpower (left hand)
Wands
 b - a wand of iceblast (9)
 e - a wand of mindburst (15)
 o - a wand of acid (3)
 A - a wand of polymorph (18)
 J - a wand of flame (24)
 P - a wand of paralysis (2)
Scrolls
 j - 4 scrolls of poison
 r - a scroll of magic mapping
 u - 2 scrolls of fog
 v - 7 scrolls of teleportation
 y - a scroll of blinking
 G - 2 scrolls of brand weapon
 Q - 2 scrolls of fear
Potions
 d - 4 potions of might
 g - 6 potions of haste
 k - 2 potions of resistance
 l - 6 potions of heal wounds
 s - 3 potions of magic
 w - 3 potions of invisibility
 z - 8 potions of curing
 B - 3 potions of brilliance
 C - a potion of flight
 F - 5 potions of cancellation
 N - a potion of berserk rage


   Skills:
 + Level 11.2(16.2) Fighting
 * Level 14.8(19.8) Axes
 + Level 8.7(13.7) Throwing
 + Level 11.2(16.2) Armour
 + Level 11.1(16.1) Shields
 + Level 7.5 Invocations


You had 12 spell levels left.
You didn't know any spells.
Your spell library contained the following spells:

 Spells                   Type           Power      Damage    Failure   Level
 Apportation              Tloc           0%         N/A       99%         1
 Necrotise                Necr           0%         1d4       99%         1
 Blink                    Tloc           0%         N/A       100%        2
 Lesser Beckoning         Tloc           0%         N/A       100%        2
 Momentum Strike          Conj/Tloc      0%         3d8       100%        2
 Dazzling Flash           Conj/Hex       0%         N/A       100%        3
 Frozen Ramparts          Ice            0%         1d1       100%        3
 Ice Form                 Ice/Tmut       0%         N/A       100%        4
 Olgreb's Toxic Radiance  Pois           0%         N/A       100%        4
 Passage of Golubria      Tloc           0%         N/A       100%        4
 Agony                    Necr           0%         N/A       100%        5
 Silence                  Hex/Air        0%         N/A       100%        5
 Yara's Violent Unravell  Hex/Tmut       0%         3d3       100%        5
 Ozocubu's Refrigeration  Ice            0%         4d7       100%        7
 Ignition                 Fire           0%         3d3       100%        8
 Summon Small Mammal      Summ           Unusable   N/A       N/A         1
 Tukima's Dance           Hex            Unusable   N/A       N/A         3
 Summon Ice Beast         Ice/Summ       Unusable   N/A       N/A         4

Dungeon Overview and Level Annotations

Branches:
Dungeon (14/15)            Temple (1/1) D:6            Lair (0/5) D:11
    Orc (0/2) D:11         Vaults (0/5) D:13          Sewer (visited)
 Bailey (visited)

Altars:
Ashenzari
Cheibriados
Dithmenos
Elyvilon
Fedhas
Gozag
Hepliaklqana
Kikubaaqudgha
Makhleb
Nemelex Xobeh
Okawaru
Qazlal
Sif Muna
Trog
Uskayaw
Vehumet
Wu Jian
Xom
Yredelemnul
Zin
The Shining One

Portals:
Trove: D:11 (give +5 demon whip)

Annotations:
D:14 Roxanne
Temple 2 transporters


Innate Abilities, Weirdness & Mutations

You have a pair of horns on your head.
You reflexively headbutt those who attack you in melee.


Message History

The boomerang hits Roxanne but does no damage.
Roxanne is heavily damaged.
Roxanne casts a spell.
You blink.
You throw a boomerang. The boomerang hits Roxanne!
Roxanne is heavily damaged.
You throw a boomerang. The boomerang hits Roxanne.
Roxanne is severely damaged.
Roxanne casts a spell.
You blink.
You throw a boomerang. The boomerang hits Roxanne.
Roxanne is severely damaged.
You throw a boomerang.
The boomerang hits Roxanne but does no damage.
Roxanne is severely damaged.
You throw a boomerang.
The boomerang hits Roxanne but does no damage.
Roxanne is severely damaged.
Roxanne casts a spell.
The crystal spear hits you!!!
* * * LOW HITPOINT WARNING * * *
You are too injured to fight recklessly!
You are too injured to fight recklessly!
You are too injured to fight recklessly!
Throw: 11 boomerangs
Press: ? - help, Q - select action, (/) - cycle Shift-Dir - straight line, f/p - Roxanne
Aim: Roxanne (severely damaged, 98% to hit)
You throw a boomerang. The boomerang hits Roxanne.
Roxanne is severely damaged.
Roxanne mumbles some strange words.
You blink.
Unknown command.
Throw: 11 boomerangs
Press: ? - help, Q - select action, (/) - cycle Shift-Dir - straight line, f/p - Roxanne
Aim: Roxanne (severely damaged, 98% to hit)
You throw a boomerang. The boomerang hits Roxanne!
Roxanne is severely damaged.
Roxanne mumbles some strange words.
The crystal spear hits you!!!
You die...

#.#.#.#.#.# ..
#####.##### #.
#.# .##.. #.#
.....##
######.#
.......
#....#.#
#.....##.#...##
#............#
.#.....@....)##
.........ยง...#
#........###..#
##....8..#
#.....
...#....##
#..#.# #.
#....# .. # . .
...#..#
######....#
#>.....


You could see Roxanne.

Vanquished Creatures
  A war gargoyle (D:14)
  Snorg (D:11)
  Josephine (D:11)
  4 vault guards (D:13)
  Erica (D:11)
  4 centaur warriors
  A two-headed ogre (D:9)
  3 boulder beetles
  2 tengu warriors (D:13)
  Sonja (D:11)
  An orc knight (Bailey)
  A deep elf pyromancer (D:13)
  2 ugly things
  A manticore (D:12)
  6 cyclopes
  Joseph (D:8)
  Maurice (D:7)
  2 unseen horrors
  9 gargoyles
  An efreet (D:13)
  A rime drake (D:11)
  A komodo dragon (D:10)
  8 trolls
  5 shadows
  Sigmund (D:6)
  7 wraiths
  3 yaks (D:10)
  2 wyverns
  4 vampire mosquitoes (D:11)
  A water moccasin (D:7)
  2 acid dragons (D:12)
  5 orc warriors
  5 ice beasts
  2 sky beasts
  2 black bears (D:6)
  An ice beast (shapeshifter) (D:14)
  2 ogres
  2 wolves (D:11)
  3 centaurs
  3 phantoms
  A kobold brigand (D:9)
  A bullfrog (D:6)
  2 gnoll sergeants
  2 scorpions
  A water moccasin zombie (D:4)
  5 wights (D:9)
  6 killer bees (D:9)
  5 howler monkeys
  2 centaur zombies (D:4)
  3 hounds
  3 orc priests
  A jelly (D:6)
  Jessica (D:2)
  2 sleepcaps
  Ijyb (D:3)
  Terence (D:2)
  A scorpion zombie (D:4)
  3 iguanas (D:6)
  8 orc wizards
  A hound zombie (D:4)
  A hound skeleton (D:4)
  24 gnolls
  9 adders
  A howler monkey skeleton (D:4)
  A shadow imp (D:5)
  An ufetubus (D:3)
  3 adder zombies (D:4)
  An adder skeleton (D:4)
  2 worms
  5 dart slugs
  68 orcs
  13 ball pythons
  7 bats
  8 endoplasms
  6 giant cockroaches
  12 goblins
  6 hobgoblins
  9 jackals
  A quokka (D:4)
  4 frilled lizards
  32 kobolds
  A quokka zombie (D:4)
  9 rats
378 creatures vanquished.

Vanquished Creatures (others)
  A fungus (Sewer)
  5 plants (Sewer)
  2 withered plants (D:4)
8 creatures vanquished.

Grand Total: 386 creatures vanquished

Notes
Turn   | Place    | Note
-------+----------+-------------------------------------------
     0 | D:1      | bmack86 the Minotaur Fighter began the quest for the Orb.
     0 | D:1      | Reached XP level 1. HP: 19/19 MP: 0/0
   142 | D:1      | You fall into a shaft and drop 1 floor!
   201 | D:1      | Reached XP level 2. HP: 25/27 MP: 1/1
   385 | D:1      | Reached skill level 3 in Axes
   494 | D:1      | Found a faded altar of an unknown god.
  1017 | D:2      | Reached XP level 3. HP: 33/33 MP: 2/2
  1303 | D:2      | Noticed Terence
  1304 | D:2      | Noticed Jessica
  1312 | D:2      | Killed Jessica
  1313 | D:2      | Reached XP level 4. HP: 29/40 MP: 3/3
  1316 | D:2      | Killed Terence
  1317 | D:2      | Reached skill level 4 in Axes
  1660 | D:3      | Identified a scroll of acquirement
  1660 | D:3      | Acquired the +2 war axe of the Elven Halls {spect, Dex+2}
  1705 | D:3      | Found a glowing drain.
  1729 | D:3      | Reached XP level 5. HP: 47/47 MP: 4/4
  1732 | Sewer    | Entered a sewer
  2141 | D:3      | Noticed Ijyb
  2157 | D:3      | Killed Ijyb
  2158 | D:3      | Reached skill level 1 in Throwing
  2279 | D:3      | Found a glowing golden altar of the Shining One.
  2755 | D:4      | Reached skill level 5 in Axes
  2755 | D:4      | Reached XP level 6. HP: 53/53 MP: 5/5
  2779 | D:4      | Reached skill level 5 in Shields
  2839 | D:4      | Reached skill level 5 in Armour
  2841 | D:4      | Reached skill level 5 in Fighting
  2932 | D:4      | Reached XP level 7. HP: 45/61 MP: 6/6
  2946 | D:4      | Reached skill level 6 in Axes
  3282 | D:5      | Entered Level 5 of the Dungeon
  3422 | D:5      | Reached skill level 7 in Axes
  3422 | D:5      | Reached XP level 8. HP: 68/70 MP: 7/7
  3940 | D:6      | Noticed Sigmund
  4069 | D:6      | Killed Sigmund
  4206 | D:6      | Found a staircase to the Ecumenical Temple.
  4216 | D:6      | Reached skill level 8 in Axes
  4229 | Temple   | Entered the Ecumenical Temple
  4229 | Temple   | Found a transporter.
  4229 | Temple   | Found a transporter.
  4231 | Temple   | Found a transporter.
  4231 | Temple   | Found a transporter.
  4251 | Temple   | Became a worshipper of Warmaster Okawaru
  4351 | D:6      | Found a radiant altar of Vehumet.
  4391 | D:6      | Reached skill level 1 in Invocations
  4441 | D:6      | Found a basalt altar of Yredelemnul.
  4444 | D:6      | Found a shimmering altar of Xom.
  4817 | D:7      | Reached XP level 9. HP: 78/78 MP: 8/8
  4986 | D:7      | Noticed a troll
  4991 | D:7      | Killed a troll
  4991 | D:7      | Reached * piety under Okawaru
  5039 | D:7      | Found a flagged portal.
  5138 | Bailey   | Entered a bailey
  5252 | Bailey   | Reached skill level 9 in Axes
  5480 | Bailey   | Noticed an orc knight
  5493 | Bailey   | Killed an orc knight
  6123 | D:8      | Noticed Joseph
  6134 | D:8      | Killed Joseph
  6134 | D:8      | Reached ** piety under Okawaru
  6135 | D:8      | Reached skill level 5 in Throwing
  6276 | D:8      | Reached skill level 10 in Axes
  6279 | D:8      | Reached XP level 10. HP: 73/88 MP: 11/11
  6612 | D:8      | Noticed Maurice
  6644 | D:7      | Killed Maurice
  7054 | D:9      | Noticed a two-headed ogre
  7062 | D:9      | Killed a two-headed ogre
  7062 | D:9      | Reached *** piety under Okawaru
  7868 | D:9      | Identified the +6 rapier of Freehold {pain, *Corrode rElec
                  | Str+2}
  7868 | D:9      | Noticed a centaur warrior
  7868 | D:9      | Noticed a cyclops
  7874 | D:9      | Reached skill level 11 in Axes
  7880 | D:9      | Killed a centaur warrior
  7885 | D:9      | Killed a cyclops
  8330 | D:10     | Entered Level 10 of the Dungeon
  8358 | D:10     | Reached **** piety under Okawaru
  8378 | D:10     | Reached XP level 11. HP: 91/95 MP: 13/13
  8695 | D:10     | Found a shadowy altar of Dithmenos.
  8780 | D:10     | Reached skill level 5 in Invocations
  8952 | D:10     | Found a shimmering blue altar of Sif Muna.
  9273 | D:10     | Found a hazy altar of Hepliaklqana.
  9461 | D:10     | Reached skill level 12 in Axes
  9523 | D:11     | Noticed Josephine
  9539 | D:11     | Killed Josephine
  9539 | D:11     | Received a gift from Okawaru
  9543 | D:11     | Reached ***** piety under Okawaru
  9708 | D:11     | Found a hide-covered altar of Uskayaw.
  9719 | D:11     | Noticed a centaur warrior
  9727 | D:11     | Killed a centaur warrior
  9755 | D:11     | Noticed a boulder beetle
  9792 | D:11     | Killed a boulder beetle
 10095 | D:11     | Noticed Snorg
 10112 | D:11     | Killed Snorg
 10301 | D:11     | Identified the +6 long sword of the Three Nightcaps {drain,
                  | Contam Int+8}
 10324 | D:11     | Found the +2 hat of the Bear Spirit {Spirit, Bear, *Rage
                  | Will++}
 10415 | D:11     | Noticed Erica
 10418 | D:11     | Killed Erica
 10504 | D:11     | Found a staircase to the Lair.
 10507 | D:11     | Reached skill level 13 in Axes
 10566 | D:11     | Found a portal to a secret trove of treasure.
 10571 | D:11     | Noticed Sonja
 10595 | D:11     | Killed Sonja
 10596 | D:11     | Reached XP level 12. HP: 46/106 MP: 5/15
 10880 | D:11     | Reached skill level 10 in Fighting
 11035 | D:11     | Found a staircase to the Orcish Mines.
 11401 | D:12     | Found a shimmering blue altar of Sif Muna.
 11484 | D:12     | Reached skill level 10 in Shields
 11527 | D:12     | Reached skill level 10 in Armour
 11783 | D:12     | Received a gift from Okawaru
 12439 | D:13     | Noticed a boulder beetle
 12473 | D:13     | Killed a boulder beetle
 12473 | D:13     | Identified the +7 war axe "Xaic" {freeze, rPois} (Okawaru
                  | gifted it to you on level 13 of the Dungeon)
 12473 | D:13     | Received a gift from Okawaru
 12529 | D:13     | Noticed a centaur warrior
 12537 | D:13     | Killed a centaur warrior
 12657 | D:13     | Found a gate to the Vaults.
 12657 | D:13     | Noticed a centaur warrior
 12657 | D:13     | Noticed a tengu warrior
 12657 | D:13     | Noticed a vault guard
 12657 | D:13     | Noticed a vault guard
 12657 | D:13     | Noticed a vault guard
 12657 | D:13     | Noticed a boulder beetle
 12657 | D:13     | Noticed a vault guard
 12657 | D:13     | Noticed a tengu warrior
 12663 | D:13     | Killed a centaur warrior
 12670 | D:13     | Killed a tengu warrior
 12671 | D:13     | Reached skill level 14 in Axes
 12674 | D:13     | Killed a vault guard
 12678 | D:13     | Killed a vault guard
 12681 | D:13     | Killed a vault guard
 12681 | D:13     | Received a gift from Okawaru
 12681 | D:13     | Killed a tengu warrior
 12685 | D:13     | Killed a vault guard
 12691 | D:13     | Killed a boulder beetle
 12691 | D:13     | Received a gift from Okawaru
 13199 | D:13     | Reached XP level 13. HP: 116/116 MP: 17/17
 13355 | D:14     | Noticed a war gargoyle
 13361 | D:14     | Killed a war gargoyle
 13393 | D:14     | Identified Roxanne's Textbook on the Ground
 13393 | D:14     | Noticed Roxanne
 13424 | D:14     | Killed from afar by Roxanne

Illustrated notes

Levels and vault maps discovered:
D:1:      lordsloth_arrival_two_stooges, layout_basic,
          shapermc_ecumenical_altar_mp_urbaneastern, dk_noncrumbling_4
D:2:      layout_basic, serial_rivers, chequers_serial_rivers_micro_b,
          chequers_serial_rivers_micro_b, chequers_serial_rivers_large_b,
          chequers_serial_rivers_small_b, chequers_serial_rivers_micro_c,
          chequers_serial_rivers_micro_d, uniq_terence, uniq_jessica
D:3:      layout_loops_ring, nicolae_overflow_crystal_walls,
          gup_sewer_entry_glass, uniq_ijyb
D:4:      layout_rooms, serial_undead, serial_undead_d, serial_undead_a,
          serial_undead_c, serial_undead_a, serial_undead_b, serial_undead_c,
          serial_undead_e, serial_undead_c
D:5:      layout_basic
D:6:      layout_rooms, grunt_temple_overflow_open, minmay_temple_entry_arrows,
          uniq_sigmund
D:7:      layout_cave_pools, enter_bailey_5, serial_glass, glass_columns_b,
          glass_columns_a
D:8:      layout_basic, uniq_joseph, uniq_maurice
D:9:      layout_stronghold, minmay_checkerbox
D:10:     layout_long_grid, lemuel_coloured_pillars_altar,
          mainiacjoe_overflow_alcove_1, grunt_dithmenos_shadows, special_room
          [special_room_orc], roderic_serpentine_path
D:11:     layout_long_grid, hellmonk_lair_entry_icy, orc_0_dummy, enter_trove_2,
          grunt_decor_cap, nicolae_uskayaw_dance_hall, uniq_josephine,
          uniq_snorg, uniq_sonja, uniq_erica
D:12:     layout_loops_ring, chequers_serial_rivers_marsh, lemuel_blue_sif_altar
D:13:     layout_basic, lightli_vaults_fourway_checkpoint, serial_curves,
          eino_curves_01, eino_curves_04
D:14:     gargoyle_guard, layout_layer_cave, portal_ice_cave_entry_pillars_1,
          minmay_parallelograms, uniq_roxanne
Temple:   hellmonk_temple_divided_pantheon

Skill      XL: |  1  2  3  4  5  6  7  8  9 10 11 12 13 |
---------------+----------------------------------------+-----
Axes           | 3 4 5 7 8 10 11 13 14 | 14.8
Fighting       | 4 5 6 7 8 9 11 | 11.2
Armour         | 4 5 6 7 8 9 11 | 11.2
Shields        | 4 5 6 7 8 9 10 11 | 11.1
Throwing       | 1 2 3 4 5 6 7 8 |  8.7
Invocations    | 1 3 4 6 7 |  7.5

Action                     |  1- 3 |  4- 6 |  7- 9 | 10-12 | 13-15 || total
---------------------------+-------+-------+-------+-------+-------++-------
  Melee: War axe           |    73 |   143 |   187 |   331 |    13 ||   747
         Headbutt          |    10 |    21 |    29 |    95 |     1 ||   156
  Throw: Boomerang         |       |     2 |    25 |    26 |    30 ||    83
 Invoke: Heroism           |       |       |     1 |     6 |     2 ||     9
         Finesse           |       |       |       |     3 |     1 ||     4
    Use: Scroll            |     3 |    12 |     9 |     9 |     1 ||    34
         Potion            |       |     1 |       |       |       ||     1
   Stab: Distracted        |       |     1 |     5 |     3 |       ||     9
 Armour: Scale mail        |    45 |    16 |       |       |       ||    61
         Plate armour      |       |    55 |   132 |   195 |     4 ||   386
         Chain mail        |       |    20 |       |       |       ||    20
  Dodge: Dodged            |    42 |    52 |    61 |    76 |     5 ||   236
  Block: Buckler           |    11 |       |       |       |       ||    11
         Kite shield       |    36 |    76 |   144 |   253 |     8 ||   517

Table legend: (Time is in decaauts)
 A = Elapsed time spent in this place.
 B = Non-inter-level travel time spent in this place.
 C = Inter-level travel time spent in this place.
 D = Time resting spent in this place.
 E = Time spent auto-exploring this place.
 F = Levels seen in this place.
 G = Mean time per level.
                   A        B        C        D        E       F      G
               +--------+--------+--------+--------+--------+-----+--------+
         Total |  13734 |  13382 |    352 |   1397 |   7946 |  17 |  807.9 |
       Dungeon |  12703 |  12351 |    352 |   1116 |   7893 |  14 |  907.4 |
        Temple |     38 |     38 |      0 |      0 |      0 |   1 |   38.0 |
         Sewer |    325 |    325 |      0 |      0 |      0 |   1 |  325.0 |
        Bailey |    666 |    666 |      0 |    281 |     53 |   1 |  666.0 |
               +--------+--------+--------+--------+--------+-----+--------+

Top non-repeatable levels by time:
    D:11: 1778 daAuts
     D:9: 1362 daAuts
    D:13: 1263 daAuts
    D:10: 1194 daAuts
     D:1: 975 daAuts
    D:12: 893 daAuts
     D:7: 848 daAuts
     D:3: 814 daAuts
     D:5: 762 daAuts
     D:2: 751 daAuts
     D:6: 724 daAuts
     D:8: 690 daAuts
  Bailey: 666 daAuts
     D:4: 579 daAuts
   Sewer: 325 daAuts
